| TOP OF THE 1ST |
|
UCLA Bruins batting - Pitching for University of Toronto Marlies : RHP Jerry Pozos
|
|
Pitching: RHP Jerry Pozos
|
|
|
Batting: LHB Mark Cummings
|
0-0: Called Strike 0-1: SINGLE (Groundball, 4M, EV 102.5 MPH) (infield hit)
|
|
Batting: RHB Melvin Yanes
|
0-0: Ball 1-0: Ball 2-0: Bunted foul 2-1: Sac Bunt to 13S - play at first, batter OUT! 1-3 Mark Cummings to second
|
|
Batting: RHB Andy Knerr
|
0-0: Called Strike Mark Cummings steals 3rd, throwing error, E2 Mark Cummings scores 0-1: Ball 1-1: Fly out, F8 (Flyball, 8RM, EV 93.1 MPH)
|
|
Batting: RHB Issac Konol
|
0-0: Ball 1-0: Foul Ball, location: 2F 1-1: Fly out, F9 (Flyball, 9, EV 80.0 MPH)
|
| Top of the 1st over - 1 run, 1 hit, 1 error, 0 left on base; UCLA 1 - University of Toronto 0 |
| BOTTOM OF THE 1ST |
|
University of Toronto Marlies batting - Pitching for UCLA Bruins : LHP Dave Hutchison
|
|
Pitching: LHP Dave Hutchison
|
|
|
Batting: RHB Charlie Townend
|
0-0: Ball 1-0: Swinging Strike 1-1: Ball 2-1: Foul Ball, location: 2F 2-2: Strikes out looking
|
|
Batting: SHB Conrade Gordon
|
0-0: Swinging Strike 0-1: Foul Ball, location: 2F 0-2: Ball 1-2: Strikes out looking
|
|
Batting: LHB Mitch Melton
|
0-0: Called Strike 0-1: Ball 1-1: Ball 2-1: Foul Ball, location: 2F 2-2: Ball 3-2: Base on Balls
|
|
Batting: RHB Steve Campeau
|
0-0: Called Strike 0-1: Foul Ball, location: 2F 0-2: Foul Ball, location: 2F 0-2: 2-RUN HOME RUN (Flyball, 7D, EV 99.4 MPH), Distance : 368 ft
|
|
Batting: RHB Aaron Knight
|
0-0: Ground out 4-3 (Groundball, 4D, EV 100.6 MPH)
|
| Bottom of the 1st over - 2 runs, 1 hit, 0 errors, 0 left on base; UCLA 1 - University of Toronto 2 |
| TOP OF THE 2ND |
|
UCLA Bruins batting - Pitching for University of Toronto Marlies : RHP Jerry Pozos
|
|
Batting: SHB Sean Munns
|
0-0: Fly out, F8 (Flyball, 8LD, EV 80.6 MPH)
|
|
Batting: RHB Michael Alvarado
|
0-0: SINGLE (Line Drive, 4MD, EV 98.8 MPH)
|
|
Batting: LHB Dave Hutchison
|
0-0: SINGLE (Groundball, 56, EV 101.9 MPH) Michael Alvarado to second
|
|
Batting: LHB Young-lau Seow
|
0-0: Ball 1-0: Foul Ball, location: 2F 1-1: Foul Ball, location: 2F 1-2: Foul Ball, location: 2F 1-2: Foul Ball, location: 2F 1-2: Fly out, F3 (Popup, 23F, EV 80.0 MPH)
|
|
Batting: RHB Pete Devaux
|
0-0: Swinging Strike 0-1: Called Strike 0-2: Strikes out swinging
|
| Top of the 2nd over - 0 runs, 2 hits, 0 errors, 2 left on base; UCLA 1 - University of Toronto 2 |
| BOTTOM OF THE 2ND |
|
University of Toronto Marlies batting - Pitching for UCLA Bruins : LHP Dave Hutchison
|
|
Batting: RHB Luke Stannard
|
0-0: Foul Ball, location: 2F 0-1: Ball 1-1: Ball 2-1: Ground out 3-1 (Groundball, 34, EV 83.1 MPH)
|
|
Batting: RHB Todd Maybury
|
0-0: Ball 1-0: Fly out, F8 (Line Drive, 8LD, EV 94.4 MPH)
|
|
Batting: RHB John Wilson
|
0-0: Called Strike 0-1: Swinging Strike 0-2: Foul Ball, location: 2F 0-2: Ball 1-2: Ground out 4-3 (Groundball, 4, EV 105.0 MPH)
|
| Bottom of the 2nd over - 0 runs, 0 hits, 0 errors, 0 left on base; UCLA 1 - University of Toronto 2 |
| TOP OF THE 3RD |
|
UCLA Bruins batting - Pitching for University of Toronto Marlies : RHP Jerry Pozos
|
|
Batting: LHB Mark Cummings
|
0-0: Called Strike 0-1: TRIPLE (Flyball, 89D, EV 110.6 MPH)
|
|
Batting: RHB Melvin Yanes
|
0-0: Called Strike 0-1: Ground out 1-3 (Groundball, 13S, EV 65.6 MPH)
|
|
Batting: RHB Andy Knerr
|
0-0: Hit by Pitch
|
|
Batting: RHB Issac Konol
|
0-0: Ball 1-0: Foul Ball, location: 2F 1-1: Foul Ball, location: 2F 1-2: Foul Ball, location: 2F 1-2: Strikes out swinging
|
|
Batting: SHB Sean Munns
|
0-0: SINGLE (Flyball, 89S, EV 96.9 MPH) Mark Cummings scores Andy Knerr to second Runner from 2nd tries for 3rd, SAFE, no throw by RF
|
|
Batting: RHB Michael Alvarado
|
0-0: Called Strike 0-1: Ball 1-1: Called Strike 1-2: DOUBLE (Line Drive, 7LD, EV 105.0 MPH) Andy Knerr scores Sean Munns to third
|
|
Batting: LHB Dave Hutchison
|
0-0: Ball 1-0: Called Strike 1-1: Foul Ball, location: 2F 1-2: Foul Ball, location: 2F 1-2: Ball 2-2: Strikes out swinging
|
| Top of the 3rd over - 2 runs, 3 hits, 0 errors, 2 left on base; UCLA 3 - University of Toronto 2 |
| BOTTOM OF THE 3RD |
|
University of Toronto Marlies batting - Pitching for UCLA Bruins : LHP Dave Hutchison
|
|
Batting: RHB Kevin McGaughey
|
0-0: Swinging Strike 0-1: Foul Ball, location: 2F 0-2: Ground out 4-3 (Groundball, 4, EV 86.2 MPH)
|
|
Batting: RHB Charlie Townend
|
0-0: Called Strike 0-1: Fly out, F8 (Flyball, 89D, EV 85.0 MPH)
|
|
Batting: SHB Conrade Gordon
|
0-0: Ball 1-0: Foul Ball, location: 2F 1-1: Fly out, F8 (Flyball, 8RS, EV 87.5 MPH)
|
| Bottom of the 3rd over - 0 runs, 0 hits, 0 errors, 0 left on base; UCLA 3 - University of Toronto 2 |
| TOP OF THE 4TH |
|
UCLA Bruins batting - Pitching for University of Toronto Marlies : RHP Jerry Pozos
|
|
Batting: LHB Young-lau Seow
|
0-0: Ball 1-0: Fly out, F9 (Flyball, 9, EV 90.6 MPH)
|
|
Batting: RHB Pete Devaux
|
0-0: Called Strike 0-1: Ball 1-1: Ball 2-1: Foul Ball, location: 2F 2-2: Strikes out swinging
|
|
Batting: LHB Mark Cummings
|
0-0: Ball 1-0: Ball 2-0: Called Strike 2-1: Swinging Strike 2-2: Strikes out swinging
|
| Top of the 4th over - 0 runs, 0 hits, 0 errors, 0 left on base; UCLA 3 - University of Toronto 2 |
| BOTTOM OF THE 4TH |
|
University of Toronto Marlies batting - Pitching for UCLA Bruins : LHP Dave Hutchison
|
|
Batting: LHB Mitch Melton
|
0-0: Ball 1-0: Fly out, F8 (Flyball, 8LXD, EV 95.0 MPH)
|
|
Batting: RHB Steve Campeau
|
0-0: Called Strike 0-1: Foul Ball, location: 2F 0-2: Strikes out swinging
|
|
Batting: RHB Aaron Knight
|
0-0: Ball 1-0: Swinging Strike 1-1: Foul Ball, location: 2F 1-2: Strikes out swinging
|
| Bottom of the 4th over - 0 runs, 0 hits, 0 errors, 0 left on base; UCLA 3 - University of Toronto 2 |
| TOP OF THE 5TH |
|
UCLA Bruins batting - Pitching for University of Toronto Marlies : RHP Jerry Pozos
|
|
Batting: RHB Melvin Yanes
|
0-0: Called Strike 0-1: Swinging Strike 0-2: SINGLE (Groundball, 34, EV 95.6 MPH) (infield hit)
|
|
Batting: RHB Andy Knerr
|
0-0: Ball 1-0: Swinging Strike 1-1: Ball 2-1: Swinging Strike 2-2: Fly out, F5 (Popup, 5F, EV 60.0 MPH)
|
|
Batting: RHB Issac Konol
|
0-0: Ball 1-0: Ball 2-0: Fly out, F7 (Flyball, 7D, EV 95.6 MPH)
|
|
Batting: SHB Sean Munns
|
0-0: Called Strike 0-1: Ball Melvin Yanes is caught stealing 2nd base 2-6
|
| Top of the 5th over - 0 runs, 1 hit, 0 errors, 0 left on base; UCLA 3 - University of Toronto 2 |
| BOTTOM OF THE 5TH |
|
University of Toronto Marlies batting - Pitching for UCLA Bruins : LHP Dave Hutchison
|
|
Batting: RHB Luke Stannard
|
0-0: Called Strike 0-1: Swinging Strike 0-2: Fly out, F8 (Line Drive, 89D, EV 95.0 MPH)
|
|
Batting: RHB Todd Maybury
|
0-0: Foul Ball, location: 2F 0-1: Ball 1-1: Swinging Strike 1-2: Strikes out swinging
|
|
Batting: RHB John Wilson
|
0-0: Ball 1-0: Ground out 2-3 (Groundball, 2L, EV 75.6 MPH)
|
| Bottom of the 5th over - 0 runs, 0 hits, 0 errors, 0 left on base; UCLA 3 - University of Toronto 2 |
| TOP OF THE 6TH |
|
UCLA Bruins batting - Pitching for University of Toronto Marlies : RHP Jerry Pozos
|
|
Batting: SHB Sean Munns
|
0-0: Swinging Strike 0-1: Called Strike 0-2: Ball 1-2: Strikes out swinging
|
|
Batting: RHB Michael Alvarado
|
0-0: Foul Ball, location: 2F 0-1: Ball 1-1: Swinging Strike 1-2: Foul Ball, location: 2F 1-2: Foul Ball, location: 2F 1-2: Fly out, F4 (Popup, 4S, EV 66.2 MPH)
|
|
Batting: LHB Dave Hutchison
|
0-0: Ball 1-0: Ground out U3 (Groundball, 3, EV 104.4 MPH)
|
| Top of the 6th over - 0 runs, 0 hits, 0 errors, 0 left on base; UCLA 3 - University of Toronto 2 |
| BOTTOM OF THE 6TH |
|
University of Toronto Marlies batting - Pitching for UCLA Bruins : LHP Dave Hutchison
|
|
Batting: RHB Kevin McGaughey
|
0-0: Fly out, F7 (Flyball, 7D, EV 85.6 MPH)
|
|
Batting: RHB Charlie Townend
|
0-0: Ball 1-0: Swinging Strike 1-1: Swinging Strike 1-2: Ball 2-2: Foul Ball, location: 2F 2-2: Foul Ball, location: 2F 2-2: Ball 3-2: Ground out 1-3 (Groundball, 34S, EV 63.1 MPH)
|
|
Batting: SHB Conrade Gordon
|
0-0: Foul Ball, location: 2F 0-1: Fly out, F9 (Flyball, 9, EV 86.9 MPH)
|
| Bottom of the 6th over - 0 runs, 0 hits, 0 errors, 0 left on base; UCLA 3 - University of Toronto 2 |
| TOP OF THE 7TH |
|
UCLA Bruins batting - Pitching for University of Toronto Marlies : RHP Jerry Pozos
|
|
Batting: LHB Young-lau Seow
|
0-0: Ball 1-0: Foul Ball, location: 2F 1-1: SINGLE (Flyball, 78S, EV 97.5 MPH)
|
|
Pitching: RHP Mike McDonald
|
|
|
Batting: RHB Pete Devaux
|
0-0: Sac Bunt to 15 - play at first, batter OUT! 1-3 Young-lau Seow to second
|
|
Batting: LHB Mark Cummings
|
0-0: Ball 1-0: Ball 2-0: Called Strike 2-1: Foul Ball, location: 2F 2-2: Ball 3-2: Base on Balls
|
|
Batting: RHB Melvin Yanes
|
0-0: Fly out, F9 (Line Drive, 9LS, EV 98.1 MPH)
|
|
Batting: RHB Andy Knerr
|
0-0: Ball 1-0: Called Strike 1-1: SINGLE (Groundball, 56D, EV 105.6 MPH) Young-lau Seow to third Mark Cummings to second Runner from 3rd tries for Home, SAFE, throw by LF to home
|
|
Batting: RHB Issac Konol
|
0-0: Called Strike 0-1: Ball 1-1: Fielders Choice at 2nd, 6-4 (Groundball, 6, EV 83.8 MPH)
|
| Top of the 7th over - 1 run, 2 hits, 0 errors, 2 left on base; UCLA 4 - University of Toronto 2 |
| BOTTOM OF THE 7TH |
|
University of Toronto Marlies batting - Pitching for UCLA Bruins : LHP Dave Hutchison
|
|
Batting: LHB Mitch Melton
|
0-0: Ball 1-0: Ground out 6-3 (Groundball, 6, EV 86.2 MPH)
|
|
Batting: RHB Steve Campeau
|
0-0: Swinging Strike 0-1: Ground out 5-3 (Groundball, 56S, EV 83.8 MPH)
|
|
Batting: RHB Aaron Knight
|
0-0: Ball 1-0: Called Strike 1-1: Ground out 5-3 (Groundball, 56, EV 104.4 MPH)
|
| Bottom of the 7th over - 0 runs, 0 hits, 0 errors, 0 left on base; UCLA 4 - University of Toronto 2 |
| TOP OF THE 8TH |
|
UCLA Bruins batting - Pitching for University of Toronto Marlies : RHP Mike McDonald
|
|
Pitching: RHP Gui Xú
|
|
|
Batting: SHB Sean Munns
|
0-0: Called Strike 0-1: Swinging Strike 0-2: Strikes out swinging
|
|
Batting: RHB Michael Alvarado
|
0-0: Ball 1-0: Ground out 6-3 (Groundball, 6, EV 86.2 MPH)
|
|
Batting: LHB Dave Hutchison
|
0-0: Foul Ball, location: 2F 0-1: Ball 1-1: SINGLE (Groundball, 5, EV 94.4 MPH)
|
|
Batting: LHB Young-lau Seow
|
0-0: Called Strike 0-1: Ball 1-1: Called Strike 1-2: Ball 2-2: SINGLE (Groundball, 34D, EV 111.2 MPH) Dave Hutchison to second Runner from 2nd tries for 3rd, SAFE, no throw by RF
|
|
Batting: RHB Pete Devaux
|
0-0: Ball 1-0: Ball 2-0: Called Strike 2-1: Fly out, F9 (Flyball, 89S, EV 90.6 MPH)
|
| Top of the 8th over - 0 runs, 2 hits, 0 errors, 2 left on base; UCLA 4 - University of Toronto 2 |
| BOTTOM OF THE 8TH |
|
University of Toronto Marlies batting - Pitching for UCLA Bruins : LHP Dave Hutchison
|
|
Batting: RHB Luke Stannard
|
0-0: Swinging Strike 0-1: Ball 1-1: SINGLE (Groundball, 34D, EV 100.0 MPH)
|
|
Batting: RHB Todd Maybury
|
0-0: SINGLE (Groundball, 3D, EV 105.0 MPH) Luke Stannard to second Runner from 2nd tries for 3rd, SAFE, no throw by RF
|
|
Batting: RHB John Wilson
|
0-0: Ball 1-0: Foul Ball, location: 2F 1-1: Ball 2-1: Foul Ball, location: 2F 2-2: Foul Ball, location: 2F 2-2: Ball 3-2: Strikes out swinging
|
|
Pitching: RHP Cyrano Papadoupolos
|
|
|
Batting: RHB Kevin McGaughey
|
0-0: Swinging Strike 0-1: Grounds into double play, 4-6-3 (Groundball, 4M, EV 83.8 MPH)
|
| Bottom of the 8th over - 0 runs, 2 hits, 0 errors, 1 left on base; UCLA 4 - University of Toronto 2 |
| TOP OF THE 9TH |
|
UCLA Bruins batting - Pitching for University of Toronto Marlies : RHP Gui Xú
|
|
Batting: LHB Mark Cummings
|
0-0: Ball 1-0: Ball 2-0: Called Strike 2-1: Ground out U3 (Groundball, 23, EV 93.1 MPH)
|
|
Batting: RHB Melvin Yanes
|
0-0: Ground out 6-3 (Groundball, 6, EV 86.2 MPH)
|
|
Batting: RHB Andy Knerr
|
0-0: Ball 1-0: Swinging Strike 1-1: Ground out 5-3 (Groundball, 5, EV 86.9 MPH)
|
| Top of the 9th over - 0 runs, 0 hits, 0 errors, 0 left on base; UCLA 4 - University of Toronto 2 |
| BOTTOM OF THE 9TH |
|
University of Toronto Marlies batting - Pitching for UCLA Bruins : RHP Cyrano Papadoupolos
|
|
Pitching: LHP Honor Munoz
|
|
|
Batting: RHB Charlie Townend
|
0-0: Called Strike 0-1: Swinging Strike 0-2: Strikes out swinging
|
|
Batting: SHB Conrade Gordon
|
0-0: Fly out, F9 (Line Drive, 9S, EV 98.1 MPH)
|
|
Batting: LHB Mitch Melton
|
0-0: Ball 1-0: Ball 2-0: Called Strike 2-1: Foul Ball, location: 2F 2-2: SINGLE (Line Drive, 5D, EV 96.9 MPH)
|
|
Batting: RHB Steve Campeau
|
0-0: Ball 1-0: Ball 2-0: Foul Ball, location: 2F 2-1: Foul Ball, location: 2F 2-2: Strikes out swinging
|
| Bottom of the 9th over - 0 runs, 1 hit, 0 errors, 1 left on base; UCLA 4 - University of Toronto 2 |
|